 Dungeon Crawl Stone Soup version bcrawl-1.12-10-g10a67aac0f (webtiles) character file.

Game seed: 14708585462356338759

98 MisterOstroum the Sneak (level 4, -2/31 HPs)
             Began as a Vampire Rogue on June 12, 2019.
             Slain by an orc
             ... wielding a +0 short sword
              (6 damage)
             ... on level 3 of the Dungeon.
             The game lasted 00:05:29 (1808 turns).

MisterOstroum the Sneak (Vampire Rogue)             Turns: 1808, Time: 00:05:30

Health: -2/31      AC:  3    Str: 14    XL:     4   Next: 44%
Magic:  5/5        EV: 11    Int: 11    God:
Gold:   99         SH:  0    Dex: 15    Spells: 3/3 levels left

rFire    . . .     SeeInvis +   a - +2 dagger
rCold    . . .     Gourm    .   (no shield)
rNeg     + . .     Faith    .   c - +0 robe
rPois    .         Spirit   .   (no helmet)
rElec    .         Reflect  .   d - +0 cloak
rCorr    .         Harm     .   (no gloves)
MR       .....                  (no boots)
Stlth    ++++......             (no amulet)
HPRegen  0.10/turn              (no ring)
MPRegen  0.09/turn              (no ring)

@: no status effects
A: claws 1, fangs 3, see invisible, unbreathing
a: no special abilities


You were on level 3 of the Dungeon.
You were not thirsty.

You visited 1 branch of the dungeon, and saw 3 of its levels.

You collected 99 gold pieces.

Inventory:

Hand Weapons
 a - a +2 dagger (weapon)
 b - a +0 blowgun
 u - a +1 spear of venom
Missiles
 e - 446 stones (quivered)
 h - 66 poisoned needles
 t - 63 tomahawks
Armour
 c - a +0 robe (worn)
 d - a +0 cloak (worn)
 r - a +0 buckler
Wands
 f - a wand of flame (15)
 g - a wand of enslavement (15)
Scrolls
 i - a scroll of remove curse {unknown}
 k - 2 scrolls of enchant armour {unknown}
 n - 3 scrolls of fog {unknown}
 p - 2 scrolls of identify {unknown}
 s - a scroll of fear {unknown}
Potions
 j - a potion of degeneration {unknown}
 l - a potion of might {unknown}
 m - 2 potions of curing {unknown}
 o - 13 potions of blood
 q - a potion of agility {unknown}


   Skills:
 + Level 0.9 Fighting
 - Level 5.0 Short Blades
 - Level 1.5 Throwing
 - Level 6.4 Stealth
 * Level 1.2 Shields
 - Level 2.0 Evocations


You had 3 spell levels left.
You didn't know any spells.
Your spell library was empty.

Dungeon Overview and Level Annotations

Branches:
Dungeon (3/12)

Altars:
Ashenzari
Elyvilon
Lugonu
Wu Jian


Innate Abilities, Weirdness & Mutations

You have sharp fingernails.
You have razor-sharp teeth.
You have supernaturally acute eyesight. (SInv)
You can survive without breathing.


Message History

The jackal is almost dead.
The jackal barely misses you. x2
You hit the jackal.
You kill the jackal!
The jackal bites you.
The jackal bites you but does no damage.
The jackal barely misses you.
You closely miss the jackal. You hit the jackal but do no damage.
The jackal bites you. x3
You hit the jackal.
You kill the jackal!
The jackal closely misses you. The jackal bites you.
You completely miss the jackal. You bite the jackal.
The jackal is moderately wounded.
The jackal closely misses you. x2
The jackal barely misses you. The jackal bites you.
The jackal barely misses you. The jackal closely misses you.
The jackal bites you but does no damage.
The jackal completely misses you.
You hit the jackal but do no damage. The jackal bites you.
You completely miss the jackal. The jackal misses you.
You hit the jackal.
The jackal is heavily wounded.
The jackal bites you.
You hit the jackal but do no damage.
The jackal is heavily wounded.
The jackal bites you.
You hit the jackal. Your bite misses the jackal.
The jackal is almost dead.
The jackal closely misses you.
You barely miss the jackal.
The jackal is almost dead.
The jackal barely misses you.
You hit the jackal.
You kill the jackal!
You closely miss the jackal. You bite the jackal, but do no damage.
The jackal is moderately wounded.
The jackal closely misses you.
You hit the jackal.
The jackal is heavily wounded.
The jackal closely misses you.
You hit the jackal. You bite the jackal, but do no damage.
The jackal is severely wounded.
The jackal bites you.
You are too injured to fight recklessly!
You are too injured to fight recklessly!
You are too injured to fight recklessly!
You are too injured to fight recklessly!
You are too injured to fight recklessly!
You are too injured to fight recklessly!
You completely miss the jackal.
The jackal is severely wounded.
The jackal bites you.
You closely miss the jackal.
The jackal is severely wounded.
The jackal barely misses you.
You hit the jackal but do no damage. Your bite misses the jackal.
The jackal is severely wounded.
The jackal closely misses you.
You hit the jackal.
You kill the jackal!
The orc hits you with a +0 short sword.
You hit the orc. Your bite misses the orc.
The orc is lightly wounded.
The orc closely misses you.
You closely miss the orc. Your bite misses the orc.
The orc is lightly wounded.
The orc hits you with a +0 short sword.
You hit the orc.
The orc is heavily wounded.
The orc closely misses you.
You hit the orc but do no damage.
The orc is heavily wounded.
Wield which item (- for none, * to show all)? (? for menu, Esc to quit)
Okay, then.
You hit the orc. Your bite misses the orc.
The orc is heavily wounded.
The orc hits you but does no damage.
You closely miss the orc.
The orc is heavily wounded.
The orc hits you with a +0 short sword.
You hit the orc but do no damage.
The orc is heavily wounded.
The orc barely misses you.
You hit the orc.
The orc is severely wounded.
You barely miss the orc. Your bite misses the orc.
The orc is severely wounded.
The orc hits you with a +0 short sword.
* * * LOW HITPOINT WARNING * * *
You barely miss the orc.
The orc is heavily wounded.
The orc hits you with a +0 short sword.
* * * LOW HITPOINT WARNING * * *
You hit the orc. Your bite misses the orc.
The orc is severely wounded.
The orc hits you with a +0 short sword.
You die...

#......+
#......#
#......#
#......#
##.#...###
#.#.....#####
#.#.........#
#o#......##.###
#@####........
#..+_#.....#.#
######...#.#.#
#......#...#
#......#..<#
#......#.###
#...†#.#.#.#
#.####.#...#
#..........#


You could see an orc.

Vanquished Creatures
  3 adders (D:2)
  2 oozes
  3 worms
  A dart slug (D:1)
  5 leopard geckos
  7 goblins
  5 hobgoblins
  7 jackals
  6 kobolds
  A quokka (D:3)
  A bat (D:2)
  3 rats
44 creatures vanquished.

Notes
Turn   | Place    | Note
-------+----------+-------------------------------------------
     0 | D:1      | MisterOstroum the Vampire Rogue began the quest for the
                  | Orb.
     0 | D:1      | Reached XP level 1. HP: 13/13 MP: 2/2
   172 | D:1      | Reached XP level 2. HP: 19/19 MP: 3/3
   747 | D:2      | Reached XP level 3. HP: 24/24 MP: 4/4
   814 | D:2      | Found a white marble altar of Elyvilon.
   916 | D:2      | Found an ornate altar of the Wu Jian Council.
   918 | D:2      | Found a corrupted altar of Lugonu.
  1199 | D:2      | Reached skill level 5 in Short Blades
  1416 | D:2      | Reached XP level 4. HP: 23/31 MP: 5/5
  1488 | D:2      | Reached skill level 1 in Shields
  1743 | D:3      | Found a shattered altar of Ashenzari.
  1808 | D:3      | Slain by an orc

Skill      XL: |  1  2  3  4 |
---------------+-------------+-----
Short Blades   | 3 4 5 |  5.0
Shields        | 1 |  1.2
Fighting       | |  0.9
Throwing       | |  1.5
Stealth        | |  6.4
Evocations     | |  2.0

Action                   |  1- 3 |  4- 6 || total
-------------------------+-------+-------++-------
Melee: Dagger            |    89 |    42 ||   131
       Bite              |     7 |     3 ||    10
       Unarmed           |    13 |       ||    13
 Fire: Blowgun           |    14 |       ||    14
Throw: Stone             |     1 |       ||     1
 Abil: End Transformatio |     4 |       ||     4
       Bat Form          |     4 |       ||     4
  Use: Potion            |     3 |       ||     3
 Stab: Sleeping          |    12 |     3 ||    15
  Eat: Corpse            |     4 |       ||     4
Armor: Robe              |    17 |     9 ||    26
Dodge: Dodged            |    42 |    24 ||    66
